 Dungeon Crawl Stone Soup version 0.31.0-11-ge490571c62 (webtiles) character file.

Game seed: 5427355116110180616

72 qw the Shooter (level 4, 0/22 HPs)
             Began as a Spriggan Hunter on Feb 3, 2024.
             Succumbed to their own poison gas
             ... on level 2 of the Dungeon.
             The game lasted 00:00:04 (1033 turns).

qw the Shooter (Spriggan Hunter)                    Turns: 1033, Time: 00:00:04

Health: 0/22       AC:  2    Str:  7    XL:     4   Next: 6%
Magic:  5/5        EV: 19    Int: 10    God:
Gold:   126        SH:  0    Dex: 20    Spells: 3/3 levels left

rFire   . . .        a - +0 shortbow
rCold   . . .        (shield currently unavailable)
rNeg    . . .        c - +0 robe
rPois   .            (helmet restricted)
rElec   .            (no cloak)
rCorr   .            (gloves unavailable)
SInv    +            (boots unavailable)
Will    .....        (no amulet)
Stlth   +            g - +4 ring of slaying {mikee}
HPRegen 0.23/turn    (no ring)
MPRegen 0.09/turn

%: no passive effects
@: lethally poisoned (0 -> -1), slow
A: very small, no large weapons, unfitting armour, see invisible, speed 3
a: no special abilities


You were on level 2 of the Dungeon.
You visited 1 branch of the dungeon, and saw 2 of its levels.

You collected 126 gold pieces.


Innate Abilities, Weirdness & Mutations

You are very small and have problems with some larger weapons.
You are too small for most types of armour.
You have supernaturally acute eyesight. (SInv)
You cover ground extremely quickly. (Speed+++)


   Skills:
 - Level 1.5 Fighting
 - Level 5.0 Ranged Weapons
 + Level 4.3 Dodging
 - Level 1.5 Stealth


You had 3 spell levels left.
You didn't know any spells.
Your spell library was empty.

Inventory:

Hand Weapons
 a - a +0 shortbow (weapon)
Armour
 c - a +0 robe (worn)
Jewellery
 g - a +4 ring of slaying (left hand) {mikee}
Potions
 d - a potion of heal wounds
 f - a potion of haste {unknown}

Dungeon Overview and Level Annotations

Branches:
Dungeon (2/15)

Altars:


Message History

Done exploring.
1024 ||| READING scroll labelled TONEIMN LUMOUM.
The air fills with toxic fumes!
As you read the scroll labelled TONEIMN LUMOUM, it crumbles to dust.
It was a scroll of poison.
Done exploring.
What level of the Dungeon? (default 2, ? - help) Sorry, I don't know how to get there.
Enter note:
Enter note:
Enter note:
Enter note:
Enter note:
Enter note:
Enter note:
Enter note:
Enter note:
Enter note:
Enter note:
Enter note: You are engulfed in poison gas.
You are poisoned.
You feel very sick.
1026 ||| Stepping ~*~*~tactically~*~*~ (cloud).
You enter the shallow water.
Moving in this stuff is going to be slow.
You feel sick.
There is a lethal amount of poison in your body!
You feel sick.
There is a lethal amount of poison in your body!
You feel sick.
There is a lethal amount of poison in your body!
You feel sick.
There is a lethal amount of poison in your body!
You feel sick.
There is a lethal amount of poison in your body!
You feel sick.
There is a lethal amount of poison in your body!
You feel sick.
There is a lethal amount of poison in your body!
You die...

###............................#
.##...................#'########
.####.....¤¤.....0¤00¤#.# .##
#.....#0##...0¤¤¤0#.#
..####..###0¤#~#.¤0¤¤¤#.#
...###..#~¤0¤¤¤#.¤0¤0¤#.#
...'...#~~#00#¤##0¤¤¤0#.#
...##..#~~~~¤000#¤0000#.########
...##..#~~#~~~#0@¤¤¤¤0#........#
...###.##~~~~~~##00#..##.......#
#### #..~~~~#~~#.¤¤#..##....#..#
######..###~~##~.000¤........#.#
#.........##~~...0¤¤¤¤.........#
#................¤0¤¤0##.##.##.#
#.............+..00000##.##.##.#
#.............####¤¤0¤¤........#
#.............# #....##....##.#


There were no monsters in sight!

Vanquished Creatures
  4 adders (D:2)
  A dart slug (D:1)
  2 ball pythons
  A bat (D:1)
  6 endoplasms
  3 giant cockroaches
  4 goblins (D:1)
  A hobgoblin (D:2)
  3 kobolds
  2 quokkas (D:1)
  A frilled lizard (D:1)
  3 rats (D:1)
31 creatures vanquished.

Notes
Turn   | Place    | Note
-------+----------+-------------------------------------------
     0 | D:1      | qw the Spriggan Hunter began the quest for the Orb.
     0 | D:1      | Reached XP level 1. HP: 10/10 MP: 2/2
     0 | D:1      | 0 ||| qw: Version: 0.3-a-157-g843a77d
     0 | D:1      | 0 ||| qw: Game counter: 3628
     0 | D:1      | 0 ||| qw: Melee chars always use a shield: true
     0 | D:1      | 0 ||| qw: God list: Okawaru
     0 | D:1      | 0 ||| qw: Allow faded altars: false
     0 | D:1      | 0 ||| qw: Do Orc after clearing Dungeon:15 true
     0 | D:1      | 0 ||| qw: Do second Lair branch before Depths: true
     0 | D:1      | 0 ||| qw: Lair rune preference: random
     0 | D:1      | 0 ||| qw: Goals: Normal
     0 | D:1      | 0 ||| PLANNING D:1-11
    34 | D:1      | Reached skill level 3 in Dodging
    86 | D:1      | 86 ||| RETREEEEATING.
    89 | D:1      | Reached XP level 2. HP: 14/14 MP: 3/3
   334 | D:1      | 334 ||| READING 3 scrolls labelled GURIAX TUCI.
   335 | D:1      | 335 ||| READING scroll labelled RUTORPH UCZYUR.
   336 | D:1      | 336 ||| DROPPING scroll of butterflies.
   337 | D:1      | 337 ||| DROPPING 2 scrolls of immolation.
   348 | D:2      | Reached XP level 3. HP: 18/18 MP: 4/4
   572 | D:2      | Reached skill level 5 in Ranged Weapons
   930 | D:2      | Reached XP level 4. HP: 11/22 MP: 5/5
  1022 | D:2      | 1022 ||| UPGRADING to +4 ring of slaying {mikee}.
  1023 | D:2      | 1023 ||| READING scroll of identify.
  1023 | D:2      | 1023 ||| IDENTIFYING clear potion
  1024 | D:2      | 1024 ||| READING scroll labelled TONEIMN LUMOUM.
  1026 | D:2      | 1026 ||| Stepping ~*~*~tactically~*~*~ (cloud).
  1028 | D:2      | HP: 4/22 [poisoned by you (poison gas)]
  1032 | D:2      | HP: 1/22 [poisoned by you (poison gas)]
  1033 | D:2      | Succumbed to their own poison gas

Levels and vault maps discovered:
D:1:      psy_arrival_basics, layout_rooms
D:2:      layout_basic, minmay_misc_feat_encased, st_stairs_10,
          hangedman_abyss_or_decor_lesser_grid, minivault_4

Skill      XL: |  1  2  3 |
---------------+----------+-----
Dodging        | 3 4 |  4.3
Ranged Weapons | 5 |  5.0
Fighting       | |  1.5
Stealth        | |  1.5

Action                     |  1- 3 |  4- 6 || total
---------------------------+-------+-------++-------
   Fire: Shortbow          |    81 |       ||    81
    Use: Scroll            |     2 |     2 ||     4
 Armour: Robe              |     8 |       ||     8
  Dodge: Dodged            |    17 |       ||    17

Table legend:
 A = Non-vault XP
 B = Vault XP
 C = Vault XP percentage of total XP
 D = Non-vault monster count
 E = Vault monster count
 F = Vault count percentage of total count
                 A         B        C        D         E       F
            +---------+---------+-------+---------+---------+-------
      Total |      77 |      26 |  25.2 |      29 |       2 |   6.5
            +---------+---------+-------+---------+---------+-------
        D:1 |      39 |       0 |   0.0 |      21 |       0 |   0.0
        D:2 |      38 |      26 |  40.6 |       8 |       2 |  20.0
            +---------+---------+-------+---------+---------+-------
